 Dungeon Crawl Stone Soup version 0.20-a0-551-gc8f91ca (webtiles) character file.

162 M4edhros the Poker (level 5, 0/41 HPs)
             Began as a Mummy Chaos Knight on Feb 3, 2017.
             Slain by a jumping spider (shapeshifter) (7 damage)
             ... summoned by Xom
             ... on level 1 of the Dungeon.
             The game lasted 00:02:17 (8501 turns).

M4edhros the Poker (Mummy Chaos Knight)             Turns: 8501, Time: 00:02:18

Health: 0/41       AC:  6    Str: 16    XL:     5   Next: 19%
Magic:  5/5        EV: 10    Int: 11    God:    Xom [*.....]
Gold:   60         SH:  0    Dex: 12    Spells: 4/4 levels left

rFire    x . .     SeeInvis .   a - +0 spear (chaos)
rCold    + . .     Gourm    .   e - +0 ring mail
rNeg     + + +     Faith    .   (no shield)
rPois    ∞         Spirit   .   (no helmet)
rElec    .         Reflect  .   (no cloak)
rCorr    .         Harm     .   (no gloves)
MR       +....                  h - +0 pair of boots {Fly}
Stlth    +.........             (no amulet)
Regen    0.2/turn               (no ring)
                                g - ring of protection from magic

@: flying
A: no food or potions, fire vulnerability, cold resistance 1, negative energy
resistance 3, torment resistance, unbreathing
a: Renounce Religion, Stop Flying


You were on level 1 of the Dungeon.
You worshipped Xom.
You were a special plaything of Xom.
You were not hungry.

You visited 1 branch of the dungeon, and saw 2 of its levels.

You collected 60 gold pieces.

Inventory:

Hand Weapons
 a - a +0 spear of chaos (weapon)
 i - a cursed -3 mace
Armour
 b - a +2 leather armour
 d - a +1 robe of magic resistance
 e - a +0 ring mail (worn)
 h - a +0 pair of boots of flying (worn)
Jewellery
 g - a ring of protection from magic (left hand)
Scrolls
 c - a scroll of identify {unknown}
 f - a scroll of teleportation {unknown}
Miscellaneous
 j - a phial of floods


   Skills:
 - Level 3.0 Fighting
 * Level 4.9 Polearms
 - Level 1.5 Armour
 - Level 0.7 Dodging


You had 4 spell levels left.
You didn't know any spells.

Dungeon Overview and Level Annotations

Branches:
Dungeon (2/15)

Altars:
Xom


Innate Abilities, Weirdness & Mutations

You do not eat or drink.
Your flesh is vulnerable to fire.
You are immune to poison.
Your flesh is cold resistant. (rC+)
You are immune to negative energy. (rN+++)
You are immune to unholy pain and torment.
You can survive without breathing.


Message History

You start waiting.
You hear Xom's maniacal laughter.
There are monsters nearby!
There are monsters nearby!
There are monsters nearby!
You barely miss the yaktaur captain. The jumping spider pounces on you!
You are caught in a web!
The jumping spider bites you but does no damage.
Unknown command.
You can't do that while caught in a web.
You can't do that while caught in a web.
You can't drink.
The centaur warrior hits you but does no damage.
The yaktaur captain hits you!!
Ouch! That really hurt!
* * * LOW HITPOINT WARNING * * *
Xom roars with laughter!
The jumping spider closely misses you. The jumping spider bites you!
You die... "It's all fun and games until someone loses an eye."

#........##.#
##.......##.#
#######.......##.#########
..............##.##......#
..........###.##.##.####.#
..........###.##.##.# #.#
.......)...##.##_##.# #.#
##########.##.##g##_# #.#
#..#.#c@s..# #.#
##.#_)c##### #.# #._.###
#.# ###.# #.# #.# #.#
#.##########.#
#............#
############.# ###


You could see a yaktaur captain, a centaur warrior, a jumping spider and a
hobgoblin.

Vanquished Creatures
  A water moccasin (D:1)
  An adder (D:1)
  4 dart slugs (D:1)
  A leopard gecko (D:1)
  A ball python (D:1)
  3 bats (D:1)
  2 giant cockroaches (D:1)
  4 goblins (D:1)
  A hobgoblin (D:1)
  5 jackals (D:1)
  5 frilled lizards (D:1)
  6 kobolds (D:1)
  2 rats (D:1)
36 creatures vanquished.

Vanquished Creatures (collateral kills)
  A kobold (D:1)
1 creature vanquished.

Grand Total: 37 creatures vanquished

Notes
Turn   | Place    | Note
-------+----------+-------------------------------------------
     0 | D:1      | M4edhros the Mummy Chaos Knight began the quest for the Orb.
     0 | D:1      | Reached XP level 1. HP: 18/18 MP: 1/1
   501 | D:1      | Reached XP level 2. HP: 8/24 MP: 2/2
   503 | D:1      | XOM: 6-stop teleportation journey
   621 | D:1      | Reached skill level 3 in Polearms
   764 | D:1      | XOM: harmless Necr miscast
   821 | D:1      | XOM: 1-stop teleportation journey
  1200 | D:1      | Reached XP level 3. HP: 29/29 MP: 3/3
  1202 | D:1      | XOM: polymorph bat -> adder
  1863 | D:1      | XOM: god gift: pair of embroidered boots {god gift}
  2050 | D:1      | XOM: scenery: create altars
  2186 | D:1      | XOM: god gift: mace {god gift}
  2740 | D:1      | XOM: god gift: phial of floods
  2992 | D:1      | XOM: noise
  3774 | D:1      | XOM is BORED!
  3774 | D:1      | XOM: summons 1 hostile demon
  4733 | D:1      | XOM: scenery: create altars
  4784 | D:1      | XOM: cloud trail
  4827 | D:1      | XOM: scenery: create altars
  5222 | D:1      | XOM: summons 1 hostile demon
  5518 | D:1      | XOM: divination: detect items
  5627 | D:1      | XOM: mild Chrm miscast
  5814 | D:1      | XOM: cloud trail
  5910 | D:1      | Noticed a water moccasin
  5919 | D:1      | Killed a water moccasin
  5919 | D:1      | Reached skill level 4 in Polearms
  5919 | D:1      | Reached XP level 4. HP: 27/35 MP: 4/4
  5919 | D:1      | Reached XP level 5. HP: 32/41 MP: 5/5
  5936 | D:1      | Noticed a shining eye
  5936 | D:1      | a glowing shapeshifter changed into a shining eye
  5936 | D:1      | XOM: summons 3 hostile shadow creatures
  6943 | D:1      | XOM: silly message
  7566 | D:1      | XOM: harmless Necr miscast
  7576 | D:1      | XOM: harmless Tloc miscast
  8499 | D:1      | Noticed a jumping spider
  8499 | D:1      | a shapeshifter changed into a jumping spider
  8499 | D:1      | XOM: summons 4 hostile shadow creatures
  8500 | D:1      | Noticed a yaktaur captain
  8500 | D:1      | Noticed a centaur warrior
  8501 | D:1      | Slain by a jumping spider (shapeshifter)

Vault maps used:
D:1:      scummos_arrival_star, minmay_misc_feat_five
D:2:      wad_crossroads, okawaru_trees_1, uniq_iyjb

Skill      XL: |  1  2  3 |
---------------+----------+-----
Polearms       | 3 4 |  4.9
Fighting       | |  3.0
Armour         | |  1.5
Dodging        | |  0.7

Action                   |  1- 3 |  4- 6 || total
-------------------------+-------+-------++-------
Melee: Spear             |   172 |    16 ||   188
 Stab: Distracted        |     1 |       ||     1
       Confused          |     1 |       ||     1
       Paralysed         |     1 |       ||     1
Armor: Leather armour    |     5 |       ||     5
       Ring mail         |    46 |     7 ||    53
       Robe              |     4 |       ||     4
Dodge: Dodged            |    59 |     9 ||    68
